 Dungeon Crawl Stone Soup version 0.31-a0-986-g5e6e4ef867 (webtiles) character file.

Game seed: 10774788333292932306

133 Lobster4 the Shooter (level 4, -1/38 HPs)
             Began as a Minotaur Hunter on Nov 5, 2023.
             Killed by divine providence
             ... invoked by an orc priest
              (12 damage)
             ... on level 4 of the Dungeon.
             The game lasted 00:06:06 (2279 turns).

Lobster4 the Shooter (Minotaur Hunter)              Turns: 2279, Time: 00:06:07

Health: -1/38      AC:  3    Str: 15    XL:     4   Next: 93%
Magic:  3/3        EV: 13    Int:  6    God:
Gold:   41         SH:  0    Dex: 22    Spells: 3/3 levels left

rFire   . . .        a - +0 shortbow (drain)
rCold   . . .        (shield currently unavailable)
rNeg    + . .        c - +0 leather armour
rPois   .            (helmet restricted)
rElec   .            (no cloak)
rCorr   .            (no gloves)
SInv    .            (no boots)
Will    .....        (no amulet)
Stlth   ++           e - +6 ring of dexterity
HPRegen 0.26/turn    q - ring of positive energy
MPRegen 0.08/turn

%: no passive effects
@: no status effects
A: horns 2, retaliatory headbutt
a: no special abilities


You were on level 4 of the Dungeon.
You visited 1 branch of the dungeon, and saw 4 of its levels.

You collected 155 gold pieces.
You spent 114 gold pieces at shops.

Inventory:

Hand Weapons
 a - a +0 shortbow of draining (weapon)
 b - a +0 scimitar
 h - a +0 hand axe
Missiles
 n - 5 poisoned darts
Armour
 c - a +0 leather armour (worn)
Magical Staves
 i - a staff of poison
Jewellery
 e - a +6 ring of dexterity (left hand)
 q - a ring of positive energy (right hand)
Scrolls
 f - a scroll of silence
 m - 3 scrolls of teleportation
 p - 2 scrolls of identify
Potions
 g - a potion of mutation
 k - 2 potions of haste
 l - a potion of might
 o - a potion of lignification
 r - a potion of invisibility


   Skills:
 + Level 3.4 Fighting
 + Level 1.5 Long Blades
 * Level 5.3 Ranged Weapons
 + Level 2.0 Armour
 + Level 3.1 Dodging
 - Level 1.0 Stealth


You had 3 spell levels left.
You didn't know any spells.
Your spell library contained the following spells:

 Spells                   Type           Power      Damage    Failure   Level
 Poisonous Vapours        Pois/Air       0%         N/A       67%         2
 Mephitic Cloud           Conj/Pois/Air  0%         N/A       88%         3
 Freezing Cloud           Conj/Ice/Air   0%         6-21      100%        5


Dungeon Overview and Level Annotations

Branches:
Dungeon (4/15)
 Temple: D:4-7

Altars:
Hepliaklqana
Yredelemnul

Shops:
D:2 ?   D:3 !

Annotations:
D:3 Ijyb


Innate Abilities, Weirdness & Mutations

You have a pair of horns on your head.
You reflexively headbutt those who attack you in melee.


Message History

You now have 32 gold pieces (gained 11).
p - 2 scrolls of identify (gained 1)
Found a stone staircase leading down.
Found a stone staircase leading down.
There is a stone staircase leading down here.
Found 9 stones.
You now have 41 gold pieces (gained 9).
An endoplasm and an orc come into view.
The endoplasm quivers.
The orc shouts!
You hear a shout! x2
You shoot an arrow. The arrow hits the orc!
You kill the orc!
You shoot an arrow. The arrow hits the endoplasm.
You drain the endoplasm.
You kill the endoplasm!
No target in view!
An orc comes into view. It is wielding a +0 flail.
An orc comes into view. It is wielding a +0 war axe.
The orc moves out of view.
You shoot an arrow. The arrow hits the orc!
You kill the orc!
An orc priest comes into view. It is wielding a +0 dagger.
You shoot an arrow. The arrow barely misses the orc.
You shoot an arrow. The arrow hits the orc.
You kill the orc!
You shoot an arrow. The arrow barely misses the orc priest.
You shoot an arrow. The arrow barely misses the orc priest.
An orc priest comes into view. It is wielding a +0 mace.
You shoot an arrow.
The arrow closely misses the orc priest.
The orc priest calls down the wrath of Beogh upon you.
Beogh smites you!
The orc priest miscasts a cantrip.
The orc priest mumbles some strange prayers to Beogh against you.
Beogh smites you!
The orc priest calls down the wrath of Beogh upon you.
Pain shoots through your body!
* * * LOW HITPOINT WARNING * * *
The orc priest mumbles some strange prayers to Beogh against you.
Beogh smites you!
You die...

###### ###### ....(.###....####
.. ...........>....## ##..#
######..........## ....##
###..>..........#
.....######.....@.........##
........#.....##...........##
............####............###
...........##
#..............###
............#
######.o.........#
...........## #..o........#
..........## .....##.......##
..........# #.#######.......#
..........# ##......#


You could see 2 orc priests.

Vanquished Creatures
  An orc priest (D:4)
  2 adders
  2 worms
  2 dart slugs (D:3)
  5 orcs
  8 endoplasms
  2 giant cockroaches
  7 goblins
  5 hobgoblins
  3 jackals (D:2)
  3 quokkas
  3 ball pythons
  11 bats
  A frilled lizard (D:1)
  8 kobolds
  2 rats
65 creatures vanquished.

Notes
Turn   | Place    | Note
-------+----------+-------------------------------------------
     0 | D:1      | Lobster4 the Minotaur Hunter began the quest for the Orb.
     0 | D:1      | Reached XP level 1. HP: 18/18 MP: 0/0
   140 | D:1      | Reached skill level 1 in Stealth
   140 | D:1      | Reached XP level 2. HP: 25/25 MP: 1/1
   254 | D:1      | Found a faded altar of an unknown god.
   388 | D:1      | Reached skill level 1 in Armour
   746 | D:2      | Reached XP level 3. HP: 30/30 MP: 2/2
  1169 | D:2      | Found Apniw's Magic Scroll Shoppe.
  1172 | D:2      | Bought a scroll of identify for 20 gold pieces
  1172 | D:2      | Bought a scroll of teleportation for 30 gold pieces
  1172 | D:2      | Bought a scroll of identify for 20 gold pieces
  1174 | D:2      | Bought a scroll of noise for 10 gold pieces
  1174 | D:2      | Bought a scroll of identify for 20 gold pieces
  1275 | D:3      | Reached skill level 5 in Ranged Weapons
  1509 | D:3      | Reached XP level 4. HP: 38/38 MP: 3/3
  1510 | D:3      | Found a hazy altar of Hepliaklqana.
  1510 | D:3      | Noticed Ijyb
  1516 | D:3      | Found Ujiwkarch's Distillery.
  1523 | D:3      | Bought a potion of degeneration for 14 gold pieces
  1546 | D:3      | Found a basalt altar of Yredelemnul.
  1700 | D:3      | Reached skill level 1 in Long Blades
  2279 | D:4      | Killed from afar by an orc priest

Illustrated notes

Levels and vault maps discovered:
D:1:      lemuel_arrival_cross, layout_loops_cross,
          hellmonk_ecumenical_altar_arch_garden
D:2:      layout_loops_cross, serial_shops, nicolae_shop_rolled_up
D:3:      layout_loops_ring, chequers_temple_overflow_statue_of_worship,
          serial_shops, nicolae_shop_industrial_runoff, uniq_ijyb
D:4:      cheibrodos_helix_gallery, layout_cave_pods,
          nicolae_elyvilon_temple_path, minmay_temple_entry_enclosed_plants

Skill      XL: |  1  2  3  4 |
---------------+-------------+-----
Stealth        | 1 |  1.0
Armour         | 1 2 |  2.0
Fighting       | 3 |  3.4
Ranged Weapons | 5 |  5.3
Long Blades    | 1 |  1.5
Dodging        | 3 |  3.1

Action                     |  1- 3 |  4- 6 || total
---------------------------+-------+-------++-------
   Fire: Shortbow          |   152 |    41 ||   193
    Use: Scroll            |     3 |     7 ||    10
 Armour: Leather armour    |    23 |     1 ||    24
  Dodge: Dodged            |    22 |       ||    22

Table legend: (Time is in decaauts)
 A = Elapsed time spent in this place.
 B = Non-inter-level travel time spent in this place.
 C = Inter-level travel time spent in this place.
 D = Time resting spent in this place.
 E = Time spent auto-exploring this place.
 F = Levels seen in this place.
 G = Mean time per level.
                   A        B        C        D        E       F      G
               +--------+--------+--------+--------+--------+-----+--------+
         Total |   2315 |   2269 |     46 |     99 |   1737 |   4 |  578.8 |
       Dungeon |   2315 |   2269 |     46 |     99 |   1737 |   4 |  578.8 |
               +--------+--------+--------+--------+--------+-----+--------+

Top non-repeatable levels by time:
     D:3: 816 daAuts
     D:2: 723 daAuts
     D:1: 571 daAuts
     D:4: 205 daAuts
